 Dungeon Crawl Stone Soup version 0.22.1-1-ga44c0e5 (webtiles) character file.

4033 Folque the Grappler (level 10, 0/91 HPs)
             Began as a Troll Hunter on Sept 28, 2018.
             Was a Believer of Zin.
             Slain by an eight-headed hydra (11 damage)
             ... on level 8 of the Dungeon.
             The game lasted 00:27:52 (6519 turns).

Folque the Grappler (Troll Hunter)                  Turns: 6519, Time: 00:27:53

Health: 0/91       AC:  8    Str: 23    XL:     10   Next: 4%
Magic:  13/13      EV: 10    Int:  7    God:    Zin [**....]
Gold:   135        SH:  0    Dex: 12    Spells: 9/9 levels left

rFire    + . .     SeeInvis .   v - +2 glaive (venom)
rCold    . . .     Gourm    +   (shield currently unavailable)
rNeg     . . .     Faith    .   x - +0 troll leather armour {Purgy}
rPois    .         Spirit   .   (helmet restricted)
rElec    .         Reflect  .   e - +0 cloak
rCorr    .         Harm     .   (gloves unavailable)
MR       .....                  (boots unavailable)
Stlth    +.........             (no amulet)
HPRegen  1.05/turn              C - ring of protection from fire
MPRegen  0.13/turn              (no ring)

@: no status effects
A: large, unfitting armour, claws 3, fast metabolism 3, gourmand, regeneration
1, shaggy fur 1, tough skin 2
a: Recite, Vitalisation, Donate Gold, Renounce Religion


You were on level 8 of the Dungeon.
You worshipped Zin.
Zin was pleased with you.
You were not hungry.

You visited 2 branches of the dungeon, and saw 9 of its levels.
You also visited: Sewer.

You collected 347 gold pieces.
You donated 212 gold pieces to Zin.

Inventory:

Hand Weapons
 c - a +0 short sword
 v - a +2 glaive of venom (weapon)
 w - a -1 blowgun
Missiles
 d - a throwing net (quivered)
 t - 66 poisoned needles
Armour
 b - a +0 robe
 e - a +0 cloak (worn)
 x - a +0 troll leather armour (worn) {Purgy}
Jewellery
 C - a ring of protection from fire (left claw)
 E - an uncursed ring of positive energy {unknown}
Wands
 B - a wand of digging (27)
Scrolls
 a - a scroll of silence {unknown}
 g - a scroll of noise {unknown}
 i - a scroll of vulnerability {unknown}
 j - a scroll of immolation {unknown}
 m - 5 scrolls of teleportation
 n - 2 scrolls of fear {unknown}
 o - 3 scrolls of amnesia {unknown}
 y - a scroll of random uselessness {unknown}
 G - a scroll of remove curse
 H - 3 scrolls of enchant armour {unknown}
Potions
 h - a potion of curing
 p - a potion of lignification
 q - a potion of cancellation {unknown}
 r - a potion of berserk rage
 s - 3 potions of haste
 u - 2 potions of heal wounds
 z - a potion of might {unknown}
 F - a potion of ambrosia {unknown}
Comestibles
 f - 20 rations


   Skills:
 - Level 3.1 Fighting
 - Level 6.2 Throwing
 + Level 3.7 Armour
 - Level 3.3 Dodging
 - Level 0.3 Stealth
 + Level 9.3 Unarmed Combat
 * Level 5.8 Invocations
 - Level 1.0 Evocations


You had 9 spell levels left.
You didn't know any spells.
Your spell library contained the following spells:

 Spells                   Type           Power        Failure   Level  Hunger
 Shock                    Conj/Air       #...         47%         1    ##.....
 Swiftness                Chrm/Air       #.......     63%         2    ###....
 Static Discharge         Conj/Air       #.......     85%         3    ####...
 Airstrike                Air            #.........   99%         4    #####..
 Lightning Bolt           Conj/Air       #.........   100%        5    ######.


Dungeon Overview and Level Annotations

Branches:
Dungeon (8/15)             Temple (1/1) D:5            Lair (0/6) D:8

Altars:
Ashenzari
Cheibriados
Dithmenos
Elyvilon
Fedhas
Gozag
Hepliaklqana
Makhleb
Nemelex Xobeh
Qazlal
Ru
Sif Muna
Trog
Uskayaw
Vehumet
Wu Jian
Xom
Yredelemnul
Zin
The Shining One
Jiyva

Shops:
D:4 %

Annotations:
D:5 1 runed door, MalarOregon's ghost, novice MiGl
D:7 3 runed doors, ThisFiasco's ghost, novice HOBe
D:8 Harold


Innate Abilities, Weirdness & Mutations

You are too large for most types of armour.
You have claws for hands.
Your metabolism is lightning-fast.
You like to eat raw meat.
Your natural rate of healing is unusually fast.
You are covered in fur. (AC +1)
You have very tough skin. (AC +2)


Message History

The seven-headed hydra is moderately wounded.
The seven-headed hydra struggles against the net.
The net rips apart, and the seven-headed hydra comes free!
The seven-headed hydra misses you. x2; The seven-headed hydra bites you. x2
The seven-headed hydra bites you! The seven-headed hydra bites you. x2
You lop one of the seven-headed hydra's heads off!
The six-headed hydra grows two more!
You slash the eight-headed hydra!
The eight-headed hydra is moderately wounded.
The eight-headed hydra completely misses you.
The eight-headed hydra closely misses you.
The eight-headed hydra bites you but does no damage.
The eight-headed hydra bites you. x2
* * * LOW HITPOINT WARNING * * *
The eight-headed hydra bites you.
* * * LOW HITPOINT WARNING * * *
The eight-headed hydra bites you!
* * * LOW HITPOINT WARNING * * *
The eight-headed hydra closely misses you.
The eight-headed hydra bites you!
You die...

##########
#(KD@....#
#).#.(...#
##.#
#+###'''##
...#
#.≈P.....#
####
#P≈≈..P..#
#≈≈P....)#
#P≈).....#
###PP≈.≈.≈.#
#.#####(####


You could see an eight-headed hydra and a big kobold.

Vanquished Creatures
  Joseph (D:7)
  Grinder (D:4)
  2 dream sheep (D:8)
  Sigmund (D:4)
  2 yaks (D:8)
  A hungry ghost (D:8)
  Menkaure (D:7)
  Duvessa (D:4)
  Purgy (Sewer)
  An ice beast (D:7)
  A sky beast (D:6)
  A centaur (D:6)
  2 ogres (D:4)
  A phantom (D:6)
  Blork the orc (D:5)
  3 big kobolds
  3 bullfrogs
  Dowan (D:3)
  A scorpion (D:4)
  5 killer bees (D:7)
  4 wights (D:7)
  2 vampire bats (D:5)
  5 crimson imps
  2 hounds
  2 orc priests (D:6)
  2 centaur skeletons
  8 worker ants
  A hound zombie (D:5)
  2 worker ant zombies
  Robin (D:3)
  4 adders
  An ooze (D:3)
  4 worms
  A dart slug (D:1)
  4 leopard geckos
  6 orcs
  12 bats
  7 giant cockroaches
  12 hobgoblins
  16 jackals
  8 kobolds
  5 quokkas
  2 ball pythons
  10 frilled lizards
  16 goblins
  A quokka skeleton (D:4)
  9 rats
178 creatures vanquished.

Vanquished Creatures (others)
  17 toadstools (D:8)
17 creatures vanquished.

Grand Total: 195 creatures vanquished

Notes
Turn   | Place    | Note
-------+----------+-------------------------------------------
     0 | D:1      | Folque the Troll Hunter began the quest for the Orb.
     0 | D:1      | Reached XP level 1. HP: 19/19 MP: 0/0
   181 | D:1      | Reached XP level 2. HP: 28/28 MP: 1/1
   626 | D:1      | Reached skill level 1 in Unarmed Combat
   814 | D:2      | Reached XP level 3. HP: 35/35 MP: 2/2
  1001 | D:2      | Reached skill level 2 in Unarmed Combat
  1121 | D:2      | Reached XP level 4. HP: 44/44 MP: 3/3
  1619 | D:3      | Found a glowing drain.
  1628 | Sewer    | Entered a sewer
  1683 | Sewer    | Noticed a big kobold
  1691 | Sewer    | Killed a big kobold
  1691 | Sewer    | Reached skill level 3 in Unarmed Combat
  1691 | Sewer    | Reached XP level 5. HP: 44/52 MP: 4/4
  1720 | Sewer    | Noticed Purgy
  1724 | Sewer    | Killed Purgy
  1822 | D:3      | Reached XP level 6. HP: 61/61 MP: 5/5
  1918 | D:3      | Noticed Robin
  1955 | D:3      | Killed Robin
  1997 | D:3      | Found a faded altar of an unknown god.
  2253 | D:3      | Reached skill level 4 in Unarmed Combat
  2463 | D:4      | Noticed Grinder
  2464 | D:4      | Noticed Dowan
  2466 | D:4      | Noticed Duvessa
  2509 | D:4      | Killed Duvessa
  2509 | D:4      | Reached XP level 7. HP: 62/67 MP: 6/6
  2520 | D:3      | Killed Dowan
  2571 | D:4      | Found Gosh's Food Shop.
  2577 | D:4      | Found a deep blue altar of Sif Muna.
  2586 | D:4      | Found an opulent altar of Gozag.
  2673 | D:4      | Noticed Sigmund
  2679 | D:4      | Killed Sigmund
  2679 | D:4      | Reached skill level 5 in Throwing
  2679 | D:4      | Reached skill level 5 in Unarmed Combat
  2981 | D:4      | Killed Grinder
  2981 | D:4      | Reached skill level 6 in Unarmed Combat
  2981 | D:4      | Reached XP level 8. HP: 58/75 MP: 7/7
  3298 | D:5      | Entered Level 5 of the Dungeon
  3351 | D:5      | Found a shadowy altar of Dithmenos.
  3362 | D:5      | Found a bloodstained altar of Trog.
  3377 | D:5      | Found a stormy altar of Qazlal.
  3403 | D:5      | Found a white marble altar of Elyvilon.
  3493 | D:5      | Reached skill level 7 in Unarmed Combat
  3688 | D:5      | Noticed Blork the orc
  3709 | D:5      | Killed Blork the orc
  3725 | D:5      | Found a hazy altar of Hepliaklqana.
  3811 | D:5      | Found a staircase to the Ecumenical Temple.
  3826 | Temple   | Entered the Ecumenical Temple
  3839 | Temple   | Became a worshipper of Zin the Law-Giver
  3839 | Temple   | Reached * piety under Zin
  3974 | D:5      | Found a runed door.
  3977 | D:5      | Noticed MalarOregon's ghost (novice MiGl)
  4207 | D:6      | Reached skill level 1 in Evocations
  4213 | D:6      | Reached skill level 8 in Unarmed Combat
  4357 | D:6      | Reached skill level 1 in Armour
  4357 | D:6      | Reached skill level 1 in Invocations
  4522 | D:6      | Reached ** piety under Zin
  4816 | D:6      | Found a basalt altar of Yredelemnul.
  4818 | D:6      | Noticed a profane servitor
  4833 | D:6      | Found a glowing golden altar of the Shining One.
  4835 | D:6      | Noticed an angel
  5321 | D:6      | Reached XP level 9. HP: 66/81 MP: 7/9
  5324 | D:6      | Donated 119 gold pieces to Zin
  5405 | D:7      | Noticed Joseph
  5418 | D:7      | Killed Joseph
  5520 | D:7      | Donated 59 gold pieces to Zin
  5540 | D:7      | HP: 4/81 [killer bee (9)]
  5546 | D:7      | HP: 4/81 [killer bee (2)]
  5551 | D:7      | HP: 3/81 [poisoned by a killer bee]
  5554 | D:7      | HP: 1/81 [killer bee (2)]
  5649 | D:7      | Noticed Menkaure
  5652 | D:7      | Killed Menkaure
  5837 | D:7      | Found a radiant altar of Vehumet.
  6063 | D:7      | Found a runed gate.
  6063 | D:7      | Found a runed gate.
  6063 | D:7      | Found a runed gate.
  6065 | D:7      | Noticed ThisFiasco's ghost (novice HOBe)
  6157 | D:8      | Found a staircase to the Lair.
  6217 | D:8      | Found an ornate altar of the Wu Jian Council.
  6224 | D:8      | Noticed Harold
  6345 | D:8      | Reached skill level 9 in Unarmed Combat
  6368 | D:8      | Reached skill level 5 in Invocations
  6409 | D:8      | Reached XP level 10. HP: 11/91 MP: 13/13
  6509 | D:8      | Noticed a three-headed hydra
  6519 | D:8      | Slain by an eight-headed hydra

Skill      XL: |  1  2  3  4  5  6  7  8  9 |
---------------+----------------------------+-----
Fighting       | 2 3 |  3.1
Unarmed Combat | 1 2 3 4 6 8 9 |  9.3
Throwing       | 4 5 6 |  6.2
Dodging        | 2 3 |  3.3
Evocations     | 1 |  1.0
Armour         | 1 3 |  3.7
Invocations    | 2 5 |  5.8
Stealth        | |  0.3

Action                   |  1- 3 |  4- 6 |  7- 9 | 10-12 || total
-------------------------+-------+-------+-------+-------++-------
Melee: Unarmed           |   165 |   168 |   255 |     1 ||   589
       Punch             |       |     1 |     5 |       ||     6
       Blowgun           |       |       |     8 |       ||     8
       Glaive            |       |       |       |     4 ||     4
 Fire: Blowgun           |       |       |     8 |       ||     8
Throw: Large rock        |     2 |    10 |    29 |     1 ||    42
       Javelin           |       |     1 |    10 |     2 ||    13
       Throwing net      |       |     1 |     2 |     1 ||     4
Invok: Recite            |       |       |    10 |       ||    10
       Vitalisation      |       |       |     4 |       ||     4
       Donate Gold       |       |       |     2 |       ||     2
  Use: Scroll            |       |     5 |     4 |       ||     9
       Potion            |       |     1 |    10 |       ||    11
 Stab: Sleeping          |       |     1 |       |       ||     1
       Held in net/web   |       |       |       |     1 ||     1
  Eat: Chunk             |    16 |    13 |    26 |     2 ||    57
       Ration            |       |       |     1 |       ||     1
Armor: Robe              |    70 |    27 |       |       ||    97
       Troll leather arm |       |    40 |   131 |     5 ||   176
Dodge: Dodged            |    80 |    59 |   161 |     8 ||   308
